 Dungeon Crawl Stone Soup version 0.31-a0-188-g5e087ee2ca (webtiles) character file.

Game seed: 9021200234207673738

54 qw the Shooter (level 3, -1/20 HPs)
             Began as a Deep Elf Hunter on June 23, 2023.
             Slain by an adder (4 damage)
             ... on level 1 of the Dungeon.
             The game lasted 00:00:23 (1155 turns).

qw the Shooter (Deep Elf Hunter)                    Turns: 1155, Time: 00:00:23

Health: -1/20      AC:  3    Str: 10    XL:     3   Next: 66%
Magic:  5/5        EV: 12    Int: 13    God:
Gold:   10         SH:  0    Dex: 18    Spells: 2/2 levels left

rFire   . . .        Y - +0 shortbow
rCold   . . .        (shield currently unavailable)
rNeg    . . .        c - +0 leather armour
rPois   .            (no helmet)
rElec   .            (no cloak)
rCorr   .            (no gloves)
SInv    .            (no boots)
Will    .....        (no amulet)
Stlth   ++           (no ring)
HPRegen 0.23/turn    (no ring)
MPRegen 0.09/turn

%: no passive effects
@: lethally poisoned (-1 -> -3)
A: no striking features
a: no special abilities


You were on level 1 of the Dungeon.
You visited 1 branch of the dungeon, and saw 2 of its levels.

You collected 10 gold pieces.


   Skills:
 - Level 1.5 Fighting
 + Level 7.2 Ranged Weapons
 - Level 2.4 Dodging
 - Level 1.2 Stealth


You had 2 spell levels left.
You didn't know any spells.
Your spell library was empty.

Inventory:

Hand Weapons
 Y - a +0 shortbow (weapon)
Armour
 c - a +0 leather armour (worn)
Potions
 d - a potion of curing
 h - a potion of degeneration {unknown}
 i - a potion of attraction {unknown}

Dungeon Overview and Level Annotations

Branches:
Dungeon (2/15)

Altars:


Message History

There is a stone staircase leading up here.
There are monsters nearby!
Waypoint 1 assigned to D:2.
You shoot an arrow. The arrow hits the adder.
The adder hisses angrily.
The adder is lightly wounded.
The endoplasm quivers.
The adder hisses angrily.
You shoot an arrow. The arrow hits the adder.
The adder is severely wounded.
The adder bites you but does no damage. The adder bites you.
1147 ||| STAIRDANCE The adder bites you but does no damage.
The adder bites you.
You climb upwards.
There is a stone staircase leading down here.
You shoot an arrow. The arrow closely misses the adder.
The adder bites you.
You are poisoned.
The adder poisons you! The adder bites you but does no damage.
The adder bites you. x2
You shoot an arrow.
The arrow hits the adder but does no damage.
The adder is severely wounded.
You feel sick. The adder barely misses you. The adder bites you.
You shoot an arrow. The arrow hits the adder!
You kill the adder!
You feel sick.
The adder bites you but does no damage. x2
You shoot an arrow. The arrow closely misses the adder.
You feel sick.
You are no longer poisoned.
The adder bites you but does no damage.
You shoot an arrow. The arrow closely misses the adder.
The adder bites you but does no damage. The adder bites you.
You are poisoned.
The adder poisons you!
You shoot an arrow. The arrow misses the adder.
You feel sick. The adder misses you.
You shoot an arrow.
The arrow hits the adder but does no damage.
You feel sick. The adder bites you.
You die...

################.#
.................#
################.#
#...........#.# #.#########.#.#
#(# #.#.# ######## ####.#
#.#.###......# .....##
#.#.S.'......#
......########.#@###......#
...............#%.........#
#####.##########?.........#######
.................................
.......)########.#####.#.......##
..###.#.# #.# #.#.......##
#.#...#.#### #.# #.##........
#.#.#.#....# #.# #.##......##
#.#.#.####.# #.# #.#########


You could see an adder.

Vanquished Creatures
  A gnoll (D:1)
  An adder (D:1)
  A dart slug (D:1)
  2 ball pythons (D:1)
  2 endoplasms (D:1)
  A giant cockroach (D:1)
  3 goblins (D:1)
  3 hobgoblins (D:1)
  2 kobolds (D:1)
  2 quokkas (D:1)
  4 bats (D:1)
  10 frilled lizards (D:1)
  4 rats (D:1)
36 creatures vanquished.

Notes
Turn   | Place    | Note
-------+----------+-------------------------------------------
     0 | D:1      | qw the Deep Elf Hunter began the quest for the Orb.
     0 | D:1      | Reached XP level 1. HP: 12/12 MP: 3/3
     0 | D:1      | 0 ||| qw: Version: 0.3-a-9-g12657ce
     0 | D:1      | 0 ||| qw: Game counter: 4158
     0 | D:1      | 0 ||| qw: Always use a shield: true
     0 | D:1      | 0 ||| qw: God list: Okawaru
     0 | D:1      | 0 ||| qw: Allow faded altars: false
     0 | D:1      | 0 ||| qw: Do Orc after D:15 true
     0 | D:1      | 0 ||| qw: Do second Lair branch before Depths: true
     0 | D:1      | 0 ||| qw: Lair rune preference: random
     0 | D:1      | 0 ||| qw: Plans: Normal
     0 | D:1      | 0 ||| PLANNING D:1-11
   270 | D:1      | Reached XP level 2. HP: 16/16 MP: 4/4
   272 | D:1      | Reached skill level 6 in Ranged Weapons
   935 | D:1      | Reached XP level 3. HP: 20/20 MP: 5/5
  1047 | D:1      | Reached skill level 7 in Ranged Weapons
  1094 | D:1      | 1094 ||| DROPPING amulet of magic regeneration.
  1095 | D:1      | 1095 ||| READING scroll labelled VOEVO IBIO.
  1096 | D:1      | 1096 ||| READING 3 scrolls labelled UZXUROKHLAROQ.
  1133 | D:1      | 1133 ||| READING scroll labelled SICKYSCH OCZULA.
  1138 | D:1      | 1138 ||| DRINKING 2 emerald potions.
  1139 | D:1      | 1139 ||| DROPPING scroll of butterflies.
  1140 | D:1      | 1140 ||| DROPPING 2 scrolls of torment.
  1147 | D:2      | 1147 ||| STAIRDANCE
  1154 | D:1      | HP: 4/20 [poisoned by an adder]
  1155 | D:1      | Slain by an adder

Levels and vault maps discovered:
D:1:      eino_arrival_cavern_a, layout_basic, minivault_24, minmay_lizard_king
D:2:      layout_basic, nicolae_wormholes

Skill      XL: |  1  2  3 |
---------------+----------+-----
Ranged Weapons | 6 7 |  7.2
Fighting       | |  1.5
Dodging        | |  2.4
Stealth        | |  1.2

Action                     || total
---------------------------++-------
   Fire: Shortbow          ||    97
    Use: Scroll            ||     3
         Potion            ||     1
 Armour: Leather armour    ||    13
  Dodge: Dodged            ||    22

Table legend:
 A = Non-vault XP
 B = Vault XP
 C = Vault XP percentage of total XP
 D = Non-vault monster count
 E = Vault monster count
 F = Vault count percentage of total count
                 A         B        C        D         E       F
            +---------+---------+-------+---------+---------+-------
      Total |      69 |       9 |  11.5 |      27 |       9 |  25.0
            +---------+---------+-------+---------+---------+-------
        D:1 |      69 |       9 |  11.5 |      27 |       9 |  25.0
            +---------+---------+-------+---------+---------+-------
